 Dungeon Crawl Stone Soup version 0.23.2-33-g5129a83184 (webtiles) character file.

Game seed: 15050587517656956380

100 MalarOregon the Grave Robber (level 4, -1/36 HPs)
             Began as a Ghoul Necromancer on July 15, 2019.
             Slain by a worm (10 damage)
             ... on level 2 of the Dungeon.
             The game lasted 00:03:34 (2050 turns).

MalarOregon the Grave Robber (Ghoul Necromancer)    Turns: 2050, Time: 00:03:34

Health: -1/36      AC:  2    Str: 11    XL:     4   Next: 74%
Magic:  0/6        EV: 12    Int: 11    God:
Gold:   59         SH:  0    Dex:  9    Spells: 3/7 levels left

rFire    . . .     SeeInvis .   i - +1 short sword (elec)
rCold    + . .     Gourm    .   (no shield)
rNeg     + + +     Faith    .   a - +0 robe
rPois    ∞         Spirit   .   (no helmet)
rElec    .         Reflect  .   (no cloak)
rCorr    .         Harm     .   (no gloves)
MR       .....                  (no boots)
Stlth    ++........             (no amulet)
HPRegen  0.00/turn              (no ring)
MPRegen  0.10/turn              (no ring)

@: rotting
A: rotting body, claws 1, carnivore, cold resistance 1, negative energy
resistance 3, inhibited regeneration, torment resistance, unbreathing
a: no special abilities


You were on level 2 of the Dungeon.
You were not hungry.

You visited 1 branch of the dungeon, and saw 2 of its levels.

You collected 59 gold pieces.

Inventory:

Hand Weapons
 i - a +1 short sword of electrocution (weapon)
   (You took it off a kobold on level 2 of the Dungeon)
Armour
 a - a +0 robe (worn)
Scrolls
 c - a scroll of amnesia {unknown}
 d - a scroll of teleportation {unknown}
 f - a scroll of immolation {unknown}
 g - a scroll of blinking {unknown}
Potions
 b - a potion of lignification {unknown}
Comestibles
 e - 2 rations {!d}


   Skills:
 + Level 1.9 Fighting
 + Level 2.5 Dodging
 - Level 3.0 Stealth
 + Level 2.3 Spellcasting
 + Level 4.4 Necromancy


You had 3 spell levels left.
You knew the following spells:

 Your Spells              Type           Power        Failure   Level  Hunger
a - Pain                  Necr           ##..         4%          1    ##.....
q - Vampiric Draining     Necr           ##........   14%         3    ####...

Your spell library contained the following spells:

 Spells                   Type           Power        Failure   Level  Hunger
 Animate Skeleton         Necr           N/A          4%          1    ##.....
 Regeneration             Chrm/Necr      #.........   34%         3    ####...
 Animate Dead             Necr           N/A          41%         4    #####..


Dungeon Overview and Level Annotations

Branches:
Dungeon (2/15)

Altars:
Dithmenos


Innate Abilities, Weirdness & Mutations

Your body is rotting away.
You thrive on raw meat.
You are immune to poison.
You have sharp fingernails.
You are carnivorous and can eat meat at any time.
Your flesh is cold resistant. (rC+)
You are immune to negative energy. (rN+++)
You do not regenerate when monsters are visible.
You are immune to unholy pain and torment.
You can survive without breathing.


Message History

Eat one of 6 chunks of flesh? (ye/n/q)
You eat one of the 6 chunks of flesh.
This raw flesh tastes great!
The adder bites you but does no damage. The worm bites you!
* * * LOW HITPOINT WARNING * * *
Eat one of 5 chunks of flesh? (ye/n/q)
You eat one of the 5 chunks of flesh.
This raw flesh tastes great!
The adder bites you.
* * * LOW HITPOINT WARNING * * *
The adder closely misses you. The worm bites you.
* * * LOW HITPOINT WARNING * * *
The adder barely misses you.
Things that are here:
a falchion; a frilled lizard corpse
Things that are here:
an adder corpse; a goblin corpse The adder closely misses you.
Eat one of 4 chunks of flesh? (ye/n/q)
You eat one of the 4 chunks of flesh.
This raw flesh tastes great!
The adder bites you.
* * * LOW HITPOINT WARNING * * *
Eat one of 3 chunks of flesh? (ye/n/q)
You eat one of the 3 chunks of flesh.
This raw flesh tastes great!
The adder bites you.
* * * LOW HITPOINT WARNING * * *
Eat one of 2 chunks of flesh? (ye/n/q)
You eat one of the 2 chunks of flesh.
This raw flesh tastes great!
The adder barely misses you. The adder bites you.
* * * LOW HITPOINT WARNING * * *
Eat a chunk of flesh? (ye/n/q)
You eat the chunk of flesh.
This raw flesh tastes great!
The adder bites you.
* * * LOW HITPOINT WARNING * * *
You eat one of the 3 rations {!d}.
That ration really hit the spot!
The adder bites you.
* * * LOW HITPOINT WARNING * * *
Aim: an adder You feel life coursing into your body.
The adder barely misses you.
Aim: an adder (heavily wounded)
You feel life coursing into your body. The adder bites you.
* * * LOW HITPOINT WARNING * * *
The adder bites you but does no damage.
You closely miss the adder. The adder bites you.
* * * LOW HITPOINT WARNING * * *
You hit the adder but do no damage. The adder barely misses you.
The adder bites you.
* * * LOW HITPOINT WARNING * * *
You hit the adder. Lightning courses through the adder!!
You kill the adder!
You hit the worm. You hit the worm. The worm bites you!
You die...

#####........
#######....####..# ##
#..........# ..# .#
####.###.#..#.# ..... . ..
...........#####.#. #.. ##
#...#.##.#.#<...... ....
######.#.##.#..# #.##.....
..((.÷...##.#..####........
.....<..........@w)........
###....####.##..##.........
#....# #####.##.######.#
#....# #.##.# #....+ .....#
#....# ##?#.# #....# ....
#....# ##..# ######


You could see a worm.

Vanquished Creatures
  5 adders (D:2)
  An ooze (D:1)
  A worm (D:2)
  3 dart slugs
  A leopard gecko (D:2)
  2 bats
  2 giant cockroaches (D:1)
  5 goblins
  5 hobgoblins (D:1)
  4 jackals (D:2)
  A ball python (D:1)
  2 frilled lizards (D:2)
  6 kobolds
  7 rats
45 creatures vanquished.

Notes
Turn   | Place    | Note
-------+----------+-------------------------------------------
     0 | D:1      | MalarOregon the Ghoul Necromancer began the quest for the
                  | Orb.
     0 | D:1      | Reached XP level 1. HP: 14/14 MP: 2/2
   218 | D:1      | Reached XP level 2. HP: 4/22 MP: 0/3
   918 | D:1      | Reached skill level 1 in Fighting
   933 | D:1      | HP: 1/23 [bat (1)]
  1126 | D:1      | Reached XP level 3. HP: 17/27 MP: 5/5
  1239 | D:1      | Learned a level 3 spell: Vampiric Draining
  1543 | D:2      | Found a shadowy altar of Dithmenos.
  1862 | D:2      | Reached XP level 4. HP: 35/35 MP: 3/6
  2050 | D:2      | Slain by a worm

Skill      XL: |  1  2  3  4 |
---------------+-------------+-----
Dodging        | 2 |  2.5
Spellcasting   | 2 |  2.3
Fighting       | 1 |  1.9
Stealth        | 3 |  3.0
Necromancy     | |  4.4

Action                   |  1- 3 |  4- 6 || total
-------------------------+-------+-------++-------
Melee: Unarmed           |   140 |       ||   140
       Short sword       |     1 |    39 ||    40
 Cast: Pain              |    24 |       ||    24
       Vampiric Draining |     1 |     2 ||     3
 Stab: Sleeping          |     3 |       ||     3
  Eat: Chunk             |    11 |    12 ||    23
       Ration            |       |     1 ||     1
Armor: Robe              |    23 |    13 ||    36
Dodge: Dodged            |   111 |    37 ||   148
